 Dungeon Crawl Stone Soup version 0.32-a0-392-gb00f77f (webtiles) character file.

Game seed: 10742414428860199933

630 Dorkslayer the Ruffian (level 7, -12/46 HPs)
             Began as an Octopode Fighter on Feb 19, 2024.
             Was an Initiate of Gozag.
             Engulfed by a cloud of flame (22 damage)
             ... on level 5 of the Dungeon.
             The game lasted 00:09:31 (3244 turns).

Dorkslayer the Ruffian (Octopode Fighter)           Turns: 3244, Time: 00:09:32

Health: -12/46     AC:  1    Str: 23 (24) XL:     7   Next: 48%
Magic:  16/16      EV: 13    Int:  9 (10) God:    Gozag
Gold:   342        SH:  4    Dex:  8 (11) Spells: 6/6 levels left

rFire   . .          .
                       - Unarmed
rCold   . . .        a - +0 buckler
rNeg    . . .        (helmet restricted)
rPois   .            (no amulet)
rElec   .            e - ring of flight
rCorr   .            l - +6 ring of strength
SInv    .            n - ring of magical power
Will    .....        (no ring)
Stlth   +++          (no ring)
HPRegen 0.27/turn    (no ring)
MPRegen 0.15/turn    (no ring)
                     (no ring)

%: no passive effects
@: gold aura, flying
A: almost no armour, amphibious, 8 rings, camouflage 1, gelatinous body 1,
(nimble swimmer 1), tentacles
a: Renounce Religion, Potion Petition, Call Merchant, Bribe Branch


You were on level 5 of the Dungeon.
You worshipped Gozag.
Gozag was aware of your devotion.
You visited 2 branches of the dungeon, and saw 6 of its levels.
You also visited: Sewer.

You collected 545 gold pieces.
You spent 136 gold pieces at shops.
You paid 67 gold pieces to Gozag.

Inventory:

Hand Weapons
 d - a +0 flail
Missiles
 h - 2 boomerangs (quivered)
Armour
 a - a +0 buckler (worn)
Jewellery
 e - a ring of flight (left tentacle)
 l - a +6 ring of strength (right tentacle)
 n - a ring of magical power (on tentacle)
Wands
 c - a wand of flame (15)
Scrolls
 k - a scroll of teleportation
 m - a scroll of blinking
Potions
 b - a potion of might
 f - 2 potions of mutation
 g - a potion of enlightenment
 i - a potion of invisibility
 o - a potion of curing


   Skills:
 + Level 3.3 Fighting
 + Level 4.2 Dodging
 + Level 5.1 Stealth
 + Level 4.0 Shields
 * Level 5.6 Unarmed Combat


You had 6 spell levels left.
You didn't know any spells.
Your spell library contained the following spells:

 Spells                   Type           Power      Damage    Failure   Level
 Lesser Beckoning         Tloc           0%         N/A       58%         2
 Gell's Gravitas          Tloc           0%         N/A       82%         3
 Teleport Other           Tloc           0%         N/A       82%         3


Dungeon Overview and Level Annotations

Branches:
Dungeon (5/15)             Temple (1/1) D:4           Sewer (visited)

Altars:
Ashenzari
Dithmenos
Elyvilon
Fedhas
Gozag
Hepliaklqana
Makhleb
Nemelex Xobeh
Okawaru
Qazlal
Ru
Sif Muna
Trog
Uskayaw
Vehumet
Wu Jian
Xom
Yredelemnul
Zin
The Shining One

Shops:
D:5 *

Annotations:
D:5 1 runed translucent door


Innate Abilities, Weirdness & Mutations

You cannot wear most types of armour.
You are amphibious.
You can wear up to eight rings at the same time.
Your skin changes colour to match your surroundings (Stealth+).
Your rubbery body absorbs attacks. (AC +1, EV +1)
((You are camouflaged when in or above water. (Stealth+)))
You have tentacles for arms and can constrict up to eight enemies at once.


Message History

The acid corrodes the giant cockroach!
The bolt of acid hits the scorpion!
Flame seeps out of the scorpion.
The scorpion is heavily wounded.
The bolt of acid hits the scorpion!
The acid corrodes the scorpion!
Flame seeps out of the scorpion.
The scorpion is severely wounded.
The bolt of acid hits the bullfrog!
The acid corrodes the bullfrog!
Flame seeps out of the bullfrog.
The bullfrog is severely wounded.
The bullfrog croaks.
The bolt of acid hits the scorpion.
The acid corrodes the scorpion!
Flame seeps out of the scorpion.
The scorpion is moderately wounded.
The now-empty wand crumbles to dust.
The giant cockroach explodes!
The fiery explosion engulfs you!!
Ouch! That really hurt!
* * * LOW HITPOINT WARNING * * *
The fiery explosion engulfs the scorpion!!
The fiery explosion engulfs the scorpion!!!
The scorpion explodes!
The fiery explosion engulfs the butterfly!
The fiery explosion engulfs the scorpion!!
The scorpion explodes!
The fiery explosion engulfs the bullfrog!!!
You feel a bit more experienced. x2
The bullfrog explodes!
The fiery explosion engulfs the scorpion!!
The fiery explosion engulfs the scorpion!
Flame seeps out of the scorpion.
The scorpion is almost dead.
You feel a bit more experienced.
The scorpion explodes!
The fiery explosion engulfs the scorpion!!! x2
The fiery explosion engulfs the scorpion!!
You feel a bit more experienced.
The scorpion explodes! x3; The butterfly explodes!
The scorpion explodes!
You are engulfed in blazing flames.
You die...
Your body crumbles into a pile of gold.

###### #$....
#.$...
#..$.#######
#...§#§§§§§# .
#.$$§§○○○○§+ ..
#.$.@# ...
#....#######....
#...............
#...............
#########'#######
#..##.# #..#
#..##.# ##.##
##..##.###...#
#.∩.....#.###.#


There were no monsters in sight!

Vanquished Creatures
  3 bullfrogs
  9 scorpions (D:5)
  A howler monkey (D:4)
  A jelly (D:4)
  A hound (D:4)
  A sleepcap (D:4)
  3 orc wizards (D:5)
  An iguana (D:4)
  A gnoll (D:2)
  6 adders
  4 ufetubi
  2 ribbon worms
  6 dart slugs
  13 orcs
  9 ball pythons
  3 bats
  7 endoplasms
  16 giant cockroaches
  2 goblins
  7 hobgoblins
  5 kobolds
  5 quokkas
  10 frilled lizards
  A rat (D:1)
  2 butterflies (D:5)
119 creatures vanquished.

Notes
Turn   | Place    | Note
-------+----------+-------------------------------------------
     0 | D:1      | Dorkslayer the Octopode Fighter began the quest for the
                  | Orb.
     0 | D:1      | Reached XP level 1. HP: 16/16 MP: 1/1
    56 | D:1      | Found a faded altar of an unknown god.
   203 | D:1      | Reached skill level 1 in Stealth
   203 | D:1      | Reached XP level 2. HP: 17/21 MP: 2/2
   573 | D:2      | Reached XP level 3. HP: 20/26 MP: 3/3
   872 | D:2      | Reached XP level 4. HP: 26/31 MP: 4/4
  1304 | D:3      | Found a radiant altar of Vehumet.
  1317 | D:3      | Found a shimmering blue altar of Sif Muna.
  1519 | D:3      | Found a sacrificial altar of Ru.
  1523 | D:3      | Found a shadowy altar of Dithmenos.
  1921 | D:4      | Reached XP level 5. HP: 28/36 MP: 5/5
  1972 | D:4      | Found a staircase to the Ecumenical Temple.
  1980 | D:4      | Reached XP level 6. HP: 33/42 MP: 6/6
  2004 | Temple   | Entered the Ecumenical Temple
  2016 | Temple   | Became a worshipper of Gozag Ym Sagoz the Greedy
  2239 | D:4      | Found a glowing drain.
  2250 | Sewer    | Entered a sewer
  2578 | Sewer    | Reached skill level 5 in Unarmed Combat
  2578 | Sewer    | Reached XP level 7. HP: 19/46 MP: 7/7
  2697 | D:4      | Identified the +1 leather armour of Wain {rElec Will+
                  | Dex+3}
  2980 | D:5      | Entered Level 5 of the Dungeon
  2980 | D:5      | Found Ziyfuoti's General Store.
  2998 | D:5      | Reached skill level 5 in Stealth
  3000 | D:5      | HP: 1/46 [orc/+0 hand axe (5)]
  3020 | D:5      | Bought a potion of curing for 36 gold pieces
  3020 | D:5      | Bought a wand of acid (2) for 100 gold pieces
  3239 | D:5      | Found a runed translucent door.
  3241 | D:5      | Found a runed translucent door.
  3244 | D:5      | Engulfed by a cloud of flame

Illustrated notes

Levels and vault maps discovered:
D:1:      saegor_arrival_simple_c, layout_rooms,
          chequers_ecumenical_altar_simple_redux
D:2:      layout_loops_ring, minmay_quadrilaterals
D:3:      layout_basic, jmf_multi_god_temple2, grunt_temple_overflow_open
D:4:      layout_basic, minmay_temple_entry_grid, cheibrodos_sewer_entry_bend,
          serial_park_tiny_1, dreamdust_mushroom_princess
D:5:      lemuel_insect_pit, layout_loops_ring,
          regret_index_kikubaaqudgha_part_by_part, serial_shops, shop,
          grunt_decor_cap, uniq_prince_ribbit1
Temple:   lightli_temple_of_artemis

Skill      XL: |  1  2  3  4  5  6  7 |
---------------+----------------------+-----
Stealth        | 1 2 3 4 5 |  5.1
Unarmed Combat | 3 5 |  5.6
Dodging        | 4 |  4.2
Shields        | 4 |  4.0
Fighting       | |  3.3

Action                     |  1- 3 |  4- 6 |  7- 9 || total
---------------------------+-------+-------+-------++-------
  Melee: Unarmed           |    49 |   132 |    32 ||   213
         Constrict         |    12 |    38 |     6 ||    56
         Tentacles         |     7 |    23 |     8 ||    38
         Punch             |     1 |     5 |     1 ||     7
  Throw: Boomerang         |       |     1 |     2 ||     3
  Evoke: Wand              |       |       |     2 ||     2
    Use: Scroll            |       |    10 |     4 ||    14
         Potion            |       |       |     2 ||     2
   Stab: Sleeping          |     3 |    12 |     3 ||    18
         Distracted        |     1 |       |       ||     1
 Armour: Skin              |    18 |    51 |    23 ||    92
  Dodge: Dodged            |    25 |    75 |    18 ||   118
  Block: Buckler           |     9 |    19 |     3 ||    31

Table legend: (Time is in decaauts)
 A = Elapsed time spent in this place.
 B = Non-inter-level travel time spent in this place.
 C = Inter-level travel time spent in this place.
 D = Time resting spent in this place.
 E = Time spent auto-exploring this place.
 F = Levels seen in this place.
 G = Mean time per level.
                   A        B        C        D        E       F      G
               +--------+--------+--------+--------+--------+-----+--------+
         Total |   3234 |   3234 |      0 |    205 |   1393 |   7 |  462.0 |
       Dungeon |   2789 |   2789 |      0 |    159 |   1310 |   5 |  557.8 |
        Temple |     20 |     20 |      0 |      0 |      0 |   1 |   20.0 |
         Sewer |    424 |    424 |      0 |     46 |     83 |   1 |  424.0 |
               +--------+--------+--------+--------+--------+-----+--------+

Top non-repeatable levels by time:
     D:2: 816 daAuts
     D:4: 652 daAuts
     D:3: 624 daAuts
     D:1: 432 daAuts
   Sewer: 424 daAuts
     D:5: 262 daAuts
  Temple: 20 daAuts
